 Dungeon Crawl Stone Soup version 0.19.0-19-g8c6edcc (webtiles) character file.

292 nikopol the Skirmisher (level 6, -12/39 HPs)
             Began as a Gargoyle Berserker on Nov 15, 2016.
             Was a Priest of Trog.
             Mangled by an ogre
             ... wielding a +0 giant spiked club
              (24 damage)
             ... on level 4 of the Dungeon.
             The game lasted 00:07:09 (2534 turns).

nikopol the Skirmisher (Gargoyle Berserker)         Turns: 2534, Time: 00:07:10

Health: -12/39     AC: 11    Str: 21    XL:     6   Next: 33%
Magic:  6/6        EV: 12    Int:  8    God:    Trog [***...]
Gold:   222        SH:  0    Dex: 10    Spells: 0 memorised, 5 levels left

rFire  . . .     SeeInvis .     a - +0 hand axe
rCold  . . .     Gourm    .     f - +0 ring mail
rNeg   + + .     Faith    .     (no shield)
rPois  ∞         Spirit   .     (no helmet)
rElec  +         Reflect  .     (no cloak)
rCorr  .         Harm     .     p - +0 pair of gloves
MR     .....                    (no boots)
Stlth  ..........               (no amulet)
                                o - ring of loudness (curse)
                                e - ring of positive energy

@: no status effects
A: negative energy resistance 1, electricity resistance, unbreathing,
petrification resistance, rot immunity, AC +4
a: Berserk, Trog's Hand, Burn Spellbooks, Renounce Religion


You were on level 4 of the Dungeon.
You worshipped Trog.
Trog was most pleased with you.
You were not hungry.

You visited 1 branch of the dungeon, and saw 4 of its levels.

You collected 222 gold pieces.

Inventory:

Hand Weapons
 a - a +0 hand axe (weapon)
Missiles
 v - 24 arrows (quivered)
Armour
 b - a +0 animal skin
 f - a +0 ring mail (worn)
 p - a +0 pair of gloves (worn)
Jewellery
 e - a ring of positive energy (left hand)
 o - a cursed ring of loudness (right hand)
Scrolls
 d - a scroll of identify {unknown}
 g - a scroll of enchant weapon {unknown}
 h - a scroll of fear {unknown}
 k - a scroll of random uselessness {unknown}
 n - a scroll of recharging {unknown}
 q - a scroll of blinking {unknown}
 r - a scroll of teleportation {unknown}
 t - 3 scrolls of noise {unknown}
 w - 2 scrolls of remove curse {unknown}
Potions
 j - a potion of flight {unknown}
 l - 5 potions of curing {unknown}
 s - 2 potions of degeneration {unknown}
 u - a potion of mutation {unknown}
Comestibles
 c - 3 bread rations
 i - 2 chunks of flesh
 m - a slice of pizza
 x - a beef jerky


   Skills:
 + Level 4.7 Fighting
 + Level 3.8 Axes
 + Level 4.0 Armour
 + Level 2.9 Dodging


You had 5 spell levels left.
You didn't know any spells.

Dungeon Overview and Level Annotations

Branches:
Dungeon (4/15)
 Temple: D:4-7

Altars:


Innate Abilities, Weirdness & Mutations

You are resistant to torment.
Your stone body is resilient. (AC +4)
You are immune to poison.
You resist negative energy. (rN+)
You are resistant to electric shocks. (rElec)
You can survive without breathing.
You are immune to petrification.
You are immune to rotting.


Message History

No target in view!
You see here a worker ant corpse.
You butcher the worker ant corpse.
i - 3 chunks of flesh (gained 1)
You start resting.
Eating one of 3 chunks of flesh.
You start eating one of the 3 chunks of flesh.
You are feeling hungry.
This raw flesh tastes terrible.
Search for what [? for help]? axe An ogre comes into view.
It is wielding a giant spiked club.
The ogre shouts!
Found 5 tomahawks.
Found an escape hatch in the ceiling.
You completely miss the ogre.
The ogre hits you with a giant spiked club!!
Ouch! That really hurt!
You barely miss the ogre.
The ogre hits you with a giant spiked club!!
Ouch! That really hurt!
You die...

#..# #.#( #..# ## #.#.
#..# ...#.#. #..#
....... #..#########
....... #...........
.....#.#######(#########
........................
...##.@######..........
#...O<..#..########.
#.#..##.#...........
#+##.# #..########. .#
#... #. .. ##.# #. #. .#
#. .# #. #.


You could see an ogre.

Vanquished Creatures
  The ghost of Philosophy the Bolt Thrower, a weakling CeHu (D:3)
  2 worker ants
  7 gnolls (D:3)
  4 adders
  An ooze (D:3)
  2 worms
  2 dart slugs
  3 leopard geckos (D:2)
  10 orcs (D:3)
  2 ball pythons
  10 bats
  2 giant cockroaches (D:3)
  7 goblins
  6 hobgoblins
  3 jackals (D:3)
  A quokka (D:3)
  3 frilled lizards
  6 kobolds
  8 rats
80 creatures vanquished.

Notes
Turn   | Place    | Note
-------+----------+-------------------------------------------
     0 | D:1      | nikopol the Gargoyle Berserker began the quest for the Orb.
     0 | D:1      | Reached XP level 1. HP: 14/14 MP: 1/1
     6 | D:1      | Noticed a worker ant
     6 | D:1      | Noticed a lindwurm
     6 | D:1      | Noticed a polar bear
     7 | D:1      | Noticed a hog
     7 | D:1      | Noticed a wyvern
   175 | D:1      | Reached XP level 2. HP: 12/19 MP: 2/2
   357 | D:1      | You fall through a shaft!
   547 | D:2      | Reached XP level 3. HP: 22/23 MP: 3/3
   563 | D:2      | Reached ** piety under Trog
   926 | D:2      | Reached XP level 4. HP: 23/29 MP: 4/4
  1490 | D:3      | Noticed Philosophy's ghost (weakling CeHu)
  1496 | D:3      | Killed Philosophy's ghost
  1496 | D:3      | Reached XP level 5. HP: 33/33 MP: 5/5
  1897 | D:3      | Reached *** piety under Trog
  1901 | D:3      | Reached XP level 6. HP: 39/39 MP: 6/6
  2534 | D:4      | Mangled by an ogre

Skill      XL: |  1  2  3  4  5  6 |
---------------+-------------------+-----
Axes           | 3 |  3.8
Armour         | 3 4 |  4.0
Fighting       | 4 |  4.7
Dodging        | 2 |  2.9

Action                   |  1- 3 |  4- 6 || total
-------------------------+-------+-------++-------
Melee: Hand axe          |   148 |   181 ||   329
Invok: Berserk           |       |     3 ||     3
  Eat: Chunk             |       |     9 ||     9
Armor: Animal skin       |    12 |       ||    12
       Ring mail         |    78 |    81 ||   159
Dodge: Dodged            |   102 |   109 ||   211
